 Dungeon Crawl Stone Soup version 0.27-a0-1006-g1fd4cec11e (webtiles) character file.

Game seed: 16571012473652536403

49 voltaire321 the Poker (level 3, -1/28 HPs)
             Began as a Merfolk Gladiator on Apr 17, 2021.
             Slain by a gnoll
             ... wielding a +0 flail
              (8 damage)
             ... on level 2 of the Dungeon.
             The game lasted 00:04:26 (936 turns).

voltaire321 the Poker (Merfolk Gladiator)            Turns: 936, Time: 00:04:27

Health: -1/28      AC:  4    Str: 14    XL:     3   Next: 75%
Magic:  3/3        EV: 13    Int:  7    God:
Gold:   67         SH:  0    Dex: 16    Spells: 2/2 levels left

rFire    . . .     SeeInvis .   a - +0 trident
rCold    . . .     Faith    .   (no shield)
rNeg     . . .     Spirit   .   b - +0 leather armour
rPois    .         Reflect  .   c - +0 helmet
rElec    .         Harm     .   (no cloak)
rCorr    .         Rampage  .   (no gloves)
Will     .....                  (no boots)
Stlth    +.........             (no amulet)
HPRegen  0.09/turn              (no ring)
MPRegen  0.08/turn              (no ring)

@: no status effects
A: (nimble swimmer 2), mertail
a: no special abilities


You were on level 2 of the Dungeon.
You visited 1 branch of the dungeon, and saw 2 of its levels.

You collected 67 gold pieces.

Inventory:

Hand Weapons
 a - a +0 trident (weapon)
Missiles
 d - 3 throwing nets (quivered)
Armour
 b - a +0 leather armour (worn)
 c - a +0 helmet (worn)
Scrolls
 f - a scroll of teleportation {unknown}
 g - a scroll of immolation {unknown}
 h - a scroll of enchant armour {unknown}
 j - a scroll of enchant weapon {unknown}
Potions
 e - a potion of degeneration {unknown}
 i - a potion of heal wounds {unknown}
 k - a potion of brilliance {unknown}


   Skills:
 + Level 2.6 Fighting
 + Level 5.4 Polearms
 + Level 2.3 Throwing
 + Level 4.6 Dodging


You had 2 spell levels left.
You didn't know any spells.
Your spell library contained the following spells:

 Spells                   Type           Power      Damage    Failure   Level
 Animate Skeleton         Necr           0%         N/A       52%         1
 Apportation              Tloc           0%         N/A       52%         1
 Corona                   Hex            0%         N/A       52%         1
 Summon Small Mammal      Summ           0%         N/A       52%         1


Dungeon Overview and Level Annotations

Branches:
Dungeon (2/15)

Altars:

Shops:
D:1 !


Innate Abilities, Weirdness & Mutations

((You are quick and stealthy near water. (Stealth+, EV+, Speed+++)))
Your lower body shifts to a powerful aquatic tail in water.


Message History

The helpless endoplasm fails to defend itself.
You hit the endoplasm.
The endoplasm is lightly wounded.
You barely miss the endoplasm.
The endoplasm is lightly wounded.
The endoplasm freezes you.
You are frozen.
You hit the endoplasm.
You kill the endoplasm!
You now have 67 gold pieces (gained 12).
Found a chain mail.
A goblin comes into view. It is wielding a +0 club.
The goblin shouts!
The goblin barely misses you.
You barely miss the goblin. The goblin hits you with a +0 club.
You miss the goblin. The goblin closely misses you.
You closely miss the goblin. The goblin hits you with a +0 club.
You closely miss the goblin. The goblin misses you.
You hit the goblin.
You kill the goblin!
Things that are here:
a +0 club; a goblin corpse You start resting.
HP restored.
The gnoll shouts!
There are monsters nearby!
You reach to attack!
You barely miss the gnoll. You hit the gnoll but do no damage.
The gnoll hits you with a +0 flail!
You barely miss the gnoll. The gnoll hits you with a +0 flail!
* * * LOW HITPOINT WARNING * * *
There is a stone staircase leading up here.
You barely miss the gnoll. The gnoll barely misses you.
A rat comes into view.
You hit the gnoll.
The gnoll is heavily wounded.
The gnoll closely misses you.
You closely miss the gnoll.
The gnoll is moderately wounded.
The rat barely misses you. The gnoll hits you with a +0 flail!
You die...

.# #...####.# #.#....####.. .#
#.... ...# #.# #.#.#### #.. .#
#... #..# #.# #.#.#######.. .#
#.####..#####.# #.#.##.......
.####...[.........###.#.##^#####.
......####...†......#.#.##.#####.
####### ##.#####................
#.# #.r.....#.##.######
#.###.@g.........#
#.............####
######.......## ##....### ##...#
#####


You could see a gnoll and a rat.

Vanquished Creatures
  2 dart slugs
  2 ball pythons
  3 bats (D:1)
  3 endoplasms (D:2)
  3 giant cockroaches
  6 goblins
  2 hobgoblins (D:2)
  7 jackals (D:1)
  A quokka (D:1)
  3 frilled lizards
  3 kobolds
  4 rats
39 creatures vanquished.

Notes
Turn   | Place    | Note
-------+----------+-------------------------------------------
     0 | D:1      | voltaire321 the Merfolk Gladiator began the quest for the
                  | Orb.
     0 | D:1      | Reached XP level 1. HP: 16/16 MP: 1/1
    49 | D:1      | Reached XP level 2. HP: 22/22 MP: 2/2
   114 | D:1      | Reached skill level 5 in Polearms
   316 | D:1      | Reached XP level 3. HP: 27/27 MP: 3/3
   479 | D:1      | Found Xoss's Distillery.
   936 | D:2      | Slain by a gnoll

Illustrated notes

Levels and vault maps discovered:
D:1:      wander_arrival_chamber, layout_rooms, serial_shops,
          nicolae_shop_behind_doors
D:2:      layout_loops_ring, mrwooster_statue_mirror

Skill      XL: |  1  2 |
---------------+-------+-----
Polearms       | 5 |  5.4
Fighting       | |  2.6
Throwing       | |  2.3
Dodging        | |  4.6

Action                   || total
-------------------------++-------
Melee: Trident           ||   115
 Stab: Sleeping          ||     2
Armor: Leather armour    ||    29
Dodge: Dodged            ||    57

Table legend: (Time is in decaauts)
 A = Elapsed time spent in this place.
 B = Non-inter-level travel time spent in this place.
 C = Inter-level travel time spent in this place.
 D = Time resting spent in this place.
 E = Time spent auto-exploring this place.
 F = Levels seen in this place.
 G = Mean time per level.
                   A        B        C        D        E       F      G
               +--------+--------+--------+--------+--------+-----+--------+
         Total |    942 |    942 |      0 |     81 |    407 |   2 |  471.0 |
       Dungeon |    942 |    942 |      0 |     81 |    407 |   2 |  471.0 |
               +--------+--------+--------+--------+--------+-----+--------+

Top non-repeatable levels by time:
     D:1: 574 daAuts
     D:2: 368 daAuts
